 Dungeon Crawl Stone Soup version 0.21.0-24-g2553a33 (webtiles) character file.

49 mopl the Cutter (level 4, -2/26 HPs)
             Began as a Kobold Skald on Jan 19, 2018.
             Killed by nerve-wracking pain
             ... invoked by Jessica
              (10 damage)
             ... on level 3 of the Dungeon.
             The game lasted 00:03:23 (1868 turns).

mopl the Cutter (Kobold Skald)                      Turns: 1868, Time: 00:03:24

Health: -2/26      AC:  5    Str:  8    XL:     4   Next: 1%
Magic:  3/7        EV: 14    Int: 14    God:
Gold:   140        SH:  0    Dex: 15    Spells: 2/7 levels left

rFire    . . .     SeeInvis .   a - +1 short sword
rCold    . . .     Gourm    .   (shield restricted)
rNeg     . . .     Faith    +   b - +0 leather armour
rPois    .         Spirit   .   k - +0 helmet
rElec    .         Reflect  .   (no cloak)
rCorr    .         Harm     .   (no gloves)
MR       .....                  m - +0 pair of boots
Stlth    ++........             n - amulet of faith {!P}
HPRegen  0.08/turn              j - ring of flight
MPRegen  0.10/turn              (no ring)

@: infused, very slightly contaminated
A: small, carnivore
a: Evoke Flight


You were on level 3 of the Dungeon.
You were very full.

You visited 1 branch of the dungeon, and saw 3 of its levels.

You collected 140 gold pieces.

Inventory:

Hand Weapons
 a - a +1 short sword (weapon)
Missiles
 q - 15 poisoned needles
Armour
 b - a +0 leather armour (worn)
 k - a +0 helmet (worn)
 m - a +0 pair of boots (worn)
Jewellery
 j - a ring of flight (left hand)
 n - an amulet of faith (around neck) {!P}
Scrolls
 g - a scroll of fog {unknown}
 h - a scroll of fear {unknown}
 l - 2 scrolls of identify {unknown}
 o - 2 scrolls of immolation {unknown}
 p - a scroll of amnesia {unknown}
 r - 2 scrolls of enchant weapon
Potions
 e - 2 potions of lignification {unknown}
 f - a potion of mutation {unknown}
 i - a potion of heal wounds {unknown}
 s - a potion of ambrosia {unknown}
Books
 c - a book of Battle

   Spells                             Type                      Level
   a - Infusion                       Charms                       1
   b - Shroud of Golubria             Charms/Translocation         2
   c - Song of Slaying                Charms                       2
   d - Spectral Weapon                Hexes/Charms                 3
   e - Regeneration                   Charms/Necromancy            3
Comestibles
 d - 2 rations


   Skills:
 - Level 2.1 Fighting
 * Level 4.6 Short Blades
 - Level 0.7 Armour
 - Level 2.4 Dodging
 + Level 2.5 Stealth
 - Level 2.1 Spellcasting
 - Level 2.4 Charms


You had 2 spell levels left.
You knew the following spells:

 Your Spells              Type           Power        Failure   Level  Hunger
a - Infusion              Chrm           #...         12%         1    #......
b - Song of Slaying       Chrm           #.......     19%         2    ###....
f - Shroud of Golubria    Chrm/Tloc      #.........   30%         2    ###....


Dungeon Overview and Level Annotations

Branches:
Dungeon (3/15)

Altars:

Annotations:
D:3 Jessica


Innate Abilities, Weirdness & Mutations

You are small and have problems with some larger weapons.
You are carnivorous and can eat meat at any time.


Message History

You miscast Infusion.
You are very lightly contaminated with residual magic.
Nothing appears to happen.
The hobgoblin closely misses you.
You hit the hobgoblin.
The hobgoblin is almost dead.
The hobgoblin hits you but does no damage.
You closely miss the hobgoblin.
The hobgoblin is almost dead.
The hobgoblin misses you.
You hit the hobgoblin.
You kill the hobgoblin!
Casting: Infusion
Confirm with . or Enter, or press ? or * to list all spells.
You begin infusing your attacks with magical energy.
You hit the hobgoblin!
You kill the hobgoblin!
You have reached level 4!
Jessica casts a spell at you. Pain shoots through your body!
You die...

########## #.........#
#.........# #.........#
#.........#
######.........####
+.@)@..............
#####..........####
#..........#
#..........#
####.ยง........#
#.......###.###
#.......# #..#
#....#######.#####
.........?.............


You could see Jessica.

Vanquished Creatures
  An ooze (D:1)
  A worm (D:2)
  3 leopard geckos
  A giant cockroach (D:3)
  5 goblins (D:1)
  6 hobgoblins
  2 jackals (D:3)
  6 bats
  2 frilled lizards (D:1)
  7 kobolds
  A rat (D:1)
35 creatures vanquished.

Notes
Turn   | Place    | Note
-------+----------+-------------------------------------------
     0 | D:1      | mopl the Kobold Skald began the quest for the Orb.
     0 | D:1      | Reached XP level 1. HP: 12/12 MP: 3/3
    32 | D:1      | Reached skill level 3 in Short Blades
    39 | D:1      | Reached skill level 1 in Stealth
   159 | D:1      | Reached XP level 2. HP: 17/17 MP: 3/5
   474 | D:1      | Reached XP level 3. HP: 19/21 MP: 6/6
   627 | D:1      | Reached skill level 4 in Short Blades
   814 | D:2      | Learned a level 2 spell: Song of Slaying
   817 | D:2      | Learned a level 2 spell: Shroud of Golubria
   854 | D:2      | Reached skill level 2 in Stealth
  1849 | D:3      | Noticed Jessica
  1868 | D:3      | Reached XP level 4. HP: 8/26 MP: 3/7
  1868 | D:3      | Killed from afar by Jessica

Skill      XL: |  1  2  3 |
---------------+----------+-----
Short Blades   | 3 4 |  4.6
Stealth        | 1 2 |  2.5
Fighting       | |  2.1
Armour         | |  0.7
Dodging        | |  2.4
Spellcasting   | |  2.1
Charms         | |  2.4

Action                   |  1- 3 |  4- 6 || total
-------------------------+-------+-------++-------
Melee: Short sword       |   114 |       ||   114
 Cast: Infusion          |     4 |       ||     4
       Song of Slaying   |     1 |       ||     1
  Use: Scroll            |     1 |       ||     1
 Stab: Sleeping          |     4 |       ||     4
  Eat: Chunk             |    10 |       ||    10
Armor: Leather armour    |    22 |       ||    22
Dodge: Dodged            |    67 |       ||    67
